AoeStats
← luisvideorock

Arabia

509251404Analyzed
2v2 RM · 5d ago on Sep 26, 2026· 50m 1s· 4 players
Game mode
Random Map
Map size
Medium (4 player)
Population
200
Speed
Normal
Resources
Standard
Victory
Conquest
Starting age
Dark Age
Ending age
Imperial Age
RankedLock teamsTeams togetherTeam positionsShared explorationLock speedFull tech treeHidden civsTurbo modeCheats
Victory
Defeat
🇲🇽 Mongols · Mexico
909
+15
🇲🇽 Vikings · Mexico
890
+17
🇨🇱 Sicilians · Chile
896
-16
🇨🇱 Celts · Chile
893
-16
Beto Letelier
5:54 Loom
10:16 Feudal Age
11:04 Gold Mining
10:55 Man-at-Arms
17:02 Double-Bit Axe
23:49 Castle Age
21:47 Horse Collar
23:50 Scale Mail Armor
24:01 Forging
24:34 Gambesons
24:11 Long Swordsman
24:41 Arson
27:04 Chain Mail Armor
27:30 Bow Saw
29:46 Heavy Plow
32:05 Wheelbarrow
35:23 Iron Casting
35:06 Hand Cart
38:30 Gold Shaft Mining
37:46 Stone Mining
40:29 Imperial Age
42:30 Plate Mail Armor
43:01 Blast Furnace
41:26 Two-Handed Swordsman
42:25 Pikeman
44:07 Conscription
43:25 Halberdier
Imprevisto
5:52 Loom
10:10 Feudal Age
25:32 Horse Collar
27:01 Double-Bit Axe
30:59 Wheelbarrow
32:45 Castle Age
35:22 Bow Saw
34:42 Crossbowman
35:21 Fletching
35:32 Padded Archer Armor
36:02 Bodkin Arrow
37:23 Leather Archer Armor
37:18 Heavy Plow
38:16 Hand Cart
40:48 Ballistics
40:24 Murder Holes
43:57 Pikeman
44:19 Elite Skirmisher
48:11 Imperial Age
50:55 Chemistry
jlcal100
7:12 Loom
9:34 Feudal Age
10:10 Double-Bit Axe
10:53 Horse Collar
24:29 Castle Age
22:37 Padded Archer Armor
23:00 Town Watch
23:09 Gold Mining
23:11 Stone Mining
24:05 Bloodlines
25:33 Bow Saw
27:15 Heavy Plow
27:34 Forging
27:30 Scale Barding Armor
28:08 Town Patrol
28:52 Husbandry
34:43 Iron Casting
35:33 Chain Barding Armor
44:25 Imperial Age
44:45 Wheelbarrow
45:54 Conscription
48:24 Heavy Scorpion
49:28 Drill
49:58 Fletching
50:24 Leather Archer Armor
luisvideorock
5:38 Loom
10:42 Feudal Age
10:46 Man-at-Arms
12:35 Forging
12:25 Scale Mail Armor
22:27 Castle Age
21:07 Double-Bit Axe
21:03 Horse Collar
24:07 Bow Saw
24:02 Heavy Plow
25:04 Town Watch
25:50 Gold Mining
26:35 Stone Mining
27:21 Gold Shaft Mining
30:27 Iron Casting
31:38 Chain Mail Armor
36:13 Squires
35:58 Arson
40:16 Fletching
40:26 Padded Archer Armor
42:59 Imperial Age
40:31 Murder Holes
43:20 Bodkin Arrow
43:40 Leather Archer Armor
43:48 Ballistics
46:16 Blast Furnace
45:46 Plate Mail Armor
49:08 Chemistry
49:06 Plate Mail Armor
48:37 Bracer
49:08 Ring Archer Armor
Connection lost

Rejoining the realm…

Still unreachable

The connection could not be restored.

Session expired

The server has moved on; the page needs a fresh start.